Predators vs Avalanche
Created - May 12, 2017 at 19:09
Goals
|
| Predators |
0 |
2 |
2 |
1 |
5 |
| Avalanche |
1 |
3 |
0 |
0 |
4 |
|
Shots
|
| Predators |
18 |
8 |
2 |
1 |
29 |
| Avalanche |
13 |
11 |
7 |
0 |
31 |
|
1st period
1. Avalanche , Andrei Kostitsyn 31 (Bryan Little 64, Corey Perry 51) at 10:22 (PP)
Penalties :
Bryan Little (Col) for Hooking (Minor) at 5:48, Byron Bitz (Nas) for Hooking (Minor) at 8:28, Barret Jackman (Nas) for Roughing (Minor) at 12:18
2nd period
2. Predators , Byron Bitz 31 (Mikael Granlund 11, Ryan Mcdonagh 30) at 3:44
3. Avalanche , Bryan Little 37 (Corey Perry 52, Andrei Kostitsyn 43) at 7:09 (PP)
4. Avalanche , Chuck Kobasew 17 (Shane O'Brien 15) at 16:34
5. Avalanche , Peter Mueller 5 (Ryan Smyth 22, Corey Perry 53) at 17:25
6. Predators , Alexander Steen 23 (Adam Burish 25) at 19:43
Penalties :
Niclas Bergfors (Nas) for Roughing (Minor) at 6:12, Alexander Ovechkin (Nas) for Roughing (Minor) at 7:21
3rd period
7. Predators , Adam Burish 12 (Dmitri Kalinin 22) at 0:58
8. Predators , James Van Riemsdyk 13 (David Jones 7, Kris Vernarsky 8) at 5:08
Penalties :
Mikkel Boedker (Col) for Hooking (Minor) at 1:43
Overtime #1
9. Predators , Niclas Bergfors 33 (Byron Bitz 36, Adam Burish 26) at 3:14
Penalties :
No Penalty
Goalie Stats
Chad Johnson (Nas), 27 saves from 31 shots - (0.871), W, 3-4-0, 63:14 minutes
Dan Ellis (Col), 24 saves from 29 shots - (0.828), OTL, 13-11-6, 63:14 minutes
Players Stats for Predators
Player Name G A P +/- PIM S H SB GA TA FO MP PP MP PK MP
------------------------------------------------------------------------------------
Adam Burish 1 2 3 1 0 3 1 0 0 0 1/2 16:11 0:01 2:53
Alexander Edler 0 0 0 0 0 0 2 2 1 0 0/0 27:20 1:59 4:30
Alexander Ovechkin 0 0 0 0 2 0 2 0 1 1 3/8 24:40 2:10 2:58
Alexander Steen 1 0 1 0 0 2 3 0 0 0 1/1 17:58 1:47 1:41
Andrej Meszaros 0 0 0 1 0 0 0 0 0 0 0/0 5:02 0:00 0:02
Andy Miele 0 0 0 1 0 0 1 0 1 0 1/4 14:27 1:47 1:25
Barret Jackman 0 0 0 2 2 0 1 1 0 0 0/0 14:13 1:59 0:00
Brett Clark 0 0 0 2 0 3 1 1 0 0 0/0 16:40 0:00 2:17
Byron Bitz 1 1 2 1 2 7 2 1 1 1 2/2 19:19 1:47 2:37
David Jones 0 1 1 1 0 0 0 0 0 0 0/0 7:06 0:01 0:00
Dmitri Kalinin 0 1 1 1 0 2 1 0 0 0 0/0 19:14 1:59 0:02
James Van Riemsdyk 1 0 1 2 0 2 3 0 0 0 0/0 16:05 0:01 0:25
John Moore 0 0 0 0 0 0 1 1 0 0 0/0 17:13 0:00 2:17
Kris Vernarsky 0 1 1 1 0 2 0 0 0 0 2/3 7:16 0:00 0:23
Mikael Granlund 0 1 1 0 0 2 3 0 0 1 7/12 15:18 0:00 1:16
Niclas Bergfors 1 0 1 1 2 4 1 0 1 0 1/1 20:08 2:10 0:00
Ryan Kesler 0 0 0 0 0 2 3 0 0 1 10/24 20:33 2:10 0:00
Ryan Mcdonagh 0 1 1 0 0 0 1 1 0 0 0/0 27:20 1:59 4:30
Players Stats for Avalanche
Player Name G A P +/- PIM S H SB GA TA FO MP PP MP PK MP
------------------------------------------------------------------------------------
Andrei Kostitsyn 1 1 2 0 0 4 5 0 1 0 0/0 22:46 3:20 2:01
Andrew Ladd 0 0 0 0 0 3 1 0 0 0 0/1 14:28 0:04 0:40
Brandon Yip 0 0 0 -3 0 0 1 1 0 0 0/0 19:43 3:25 0:00
Bryan Little 1 1 2 0 2 7 2 0 1 0 17/31 20:31 3:21 0:29
Chuck Kobasew 1 0 1 -1 0 3 0 1 0 0 0/0 14:08 0:04 0:00
Corey Perry 0 3 3 1 0 3 1 0 0 2 3/5 25:03 3:20 2:01
David Krejci 0 0 0 0 0 2 1 0 0 1 2/5 11:47 0:00 0:32
Jack Johnson 0 0 0 0 0 1 4 3 0 1 0/0 26:21 4:25 2:13
Jay Bouwmeester 0 0 0 -3 0 1 1 1 0 0 0/0 11:52 0:00 0:00
Johnny Boychuk 0 0 0 0 0 0 1 1 0 0 0/0 20:54 2:24 1:45
Marc Staal 0 0 0 0 0 0 1 1 0 1 0/0 29:34 4:25 2:13
Matt Lashoff 0 0 0 0 0 0 0 0 0 0 0/0 4:18 0:00 0:00
Mikkel Boedker 0 0 0 -3 2 1 4 0 0 0 0/0 20:48 3:25 0:48
Paul Stastny 0 0 0 -3 0 1 1 0 0 0 5/12 19:00 3:25 0:00
Pernell Karl Subban 0 0 0 -3 0 0 2 2 0 0 0/0 13:01 0:03 0:00
Peter Mueller 1 0 1 1 0 2 0 0 0 0 2/2 5:01 0:00 0:00
Ryan Smyth 0 1 1 0 0 2 0 0 1 0 0/1 8:47 0:00 1:25
Shane O'Brien 0 1 1 0 0 1 0 1 1 0 0/0 20:54 2:24 1:45
3 Stars
1 - Adam Burish (Nas)
2 - Andrei Kostitsyn (Col)
3 - James Van Riemsdyk (Nas)
Power Play
Predators - 0 on 2 Attempt(s) - 0.00%
Avalanche - 2 on 4 Attempt(s) - 50.00%
Penalty Kill
Predators - 2 on 4 Attempt(s) - 50.00%
- Score 0 goal in Penalty Kill
Avalanche - 2 on 2 Attempt(s) - 100.00%
- Score 0 goal in Penalty Kill
Team Stat
Predators - Hits : 26 - Faceoff Wins : 28 - Blocked Shots : 7 - Penalty Minutes : 8
Avalanche - Hits : 25 - Faceoff Wins : 29 - Blocked Shots : 11 - Penalty Minutes : 4
Official
Referees : Dwyer Gord and LaRue Dennis
Linesman : Mike Cvik and Derek Nansen
Game Notes
No Game Note
Finance
Level 1 -- Attendance: 5838 (97.30%) -- Ticket Income $490,392
Level 2 -- Attendance: 4959 (99.18%) -- Ticket Income $247,950
Level 3 -- Attendance: 1820 (91.00%) -- Ticket Income $50,960
Level 4 -- Attendance: 4000 (100.00%) -- Ticket Income $72,000
Luxury Box -- Attendance: 780 (78.00%) -- Ticket Income $130,260
Game was played at the Pepsi Center.
Total Attendance: 17397 (96.65%)
Total Ticket Income: $991,562
Other Income: $148,734
Total Income: $1,140,296
Predators
5 vs 5 Forward
Center Left Wing Right Wing Time % Phy DF OF
1 Ryan Kesler Alexander Ovechkin Niclas Bergfors 40 1 1 2
2 Mikael Granlund Alexander Steen Byron Bitz 30 1 2 2
3 Andy Miele James Van Riemsdyk Adam Burish 20 1 2 2
4 Kris Vernarsky James Van Riemsdyk David Jones 10 1 2 2
5 vs 5 Defense
Defense Defense Time % Phy DF OF
1 Alexander Edler Ryan Mcdonagh 40 1 2 2
2 Dmitri Kalinin John Moore 30 1 2 2
3 Barret Jackman Brett Clark 20 1 2 2
4 Andrej Meszaros Brett Clark 10 1 2 2
PowerPlay Forward
Center Left Wing Right Wing Time % Phy DF OF
1 Ryan Kesler Alexander Ovechkin Niclas Bergfors 60 1 0 4
2 Andy Miele Alexander Steen Byron Bitz 40 1 0 4
PowerPlay Defense
Defense Defense Time % Phy DF OF
1 Ryan Mcdonagh Alexander Edler 60 1 1 3
2 Barret Jackman Dmitri Kalinin 40 1 1 3
Penalty Kill 4 Players Forward
Center Wing Time % Phy DF OF
1 Alexander Ovechkin Byron Bitz 60 1 2 1
2 Andy Miele Adam Burish 40 1 2 2
Penalty Kill 4 Players Defense
Defense Defense Time % Phy DF OF
1 Alexander Edler Ryan Mcdonagh 60 1 3 1
2 John Moore Brett Clark 40 1 3 1
Penalty Kill - 3 Players Forward
Forward Time % Phy DF OF
1 Byron Bitz 60 1 3 1
2 Adam Burish 40 1 3 1
Penalty Kill - 3 Players Defense
Defense Defense Time % Phy DF OF
1 John Moore Ryan Mcdonagh 60 1 4 0
2 Alexander Edler Brett Clark 40 1 4 0
4 vs 4 Forward
Center Wing Time % Phy DF OF
1 Ryan Kesler Alexander Ovechkin 60 1 2 2
2 Byron Bitz Niclas Bergfors 40 1 2 2
4 vs 4 Defense
Defense Defense Time % Phy DF OF
1 Alexander Edler Ryan Mcdonagh 60 1 2 2
2 Barret Jackman Dmitri Kalinin 40 1 2 2
Last Minutes Offensive
Center Left Wing Right Wing Defense Defense
Ryan Kesler Alexander Ovechkin Niclas Bergfors Ryan Mcdonagh Alexander Edler
Last Minutes Defensive
Center Left Wing Right Wing Defense Defense
Ryan Kesler Alexander Ovechkin Byron Bitz John Moore Ryan Mcdonagh
Goaltenders
Starting : Chad Johnson
Backup : Viktor Fasth
Extra Forwards
Normal : Adam Burish, James Van Riemsdyk, Andy Miele - PP : Alexander Steen, Adam Burish - PK : Adam Burish
Extra Defensemen
Normal : John Moore, Dmitri Kalinin, Andrej Meszaros - PP : John Moore - PK : Dmitri Kalinin, Brett Clark
Penalty Shots
Alexander Ovechkin, Ryan Kesler, Byron Bitz, Niclas Bergfors, Alexander Steen
Scratches
Frans Nielsen (Concussion Injury)
Avalanche
5 vs 5 Forward
Center Left Wing Right Wing Time % Phy DF OF
1 Bryan Little Andrei Kostitsyn Corey Perry 40 1 2 2
2 Paul Stastny Mikkel Boedker Brandon Yip 30 1 2 2
3 David Krejci Andrew Ladd Chuck Kobasew 20 1 2 2
4 Peter Mueller Ryan Smyth Corey Perry 10 1 2 2
5 vs 5 Defense
Defense Defense Time % Phy DF OF
1 Marc Staal Jack Johnson 40 1 2 2
2 Shane O'Brien Johnny Boychuk 30 1 2 2
3 Jay Bouwmeester Pernell Karl Subban 20 1 2 2
4 Matt Lashoff Marc Staal 10 1 2 2
PowerPlay Forward
Center Left Wing Right Wing Time % Phy DF OF
1 Bryan Little Andrei Kostitsyn Corey Perry 60 1 2 2
2 Paul Stastny Mikkel Boedker Brandon Yip 40 1 2 2
PowerPlay Defense
Defense Defense Time % Phy DF OF
1 Marc Staal Jack Johnson 60 1 2 2
2 Shane O'Brien Johnny Boychuk 40 1 2 2
Penalty Kill 4 Players Forward
Center Wing Time % Phy DF OF
1 Corey Perry Andrei Kostitsyn 60 1 2 2
2 Bryan Little Mikkel Boedker 40 1 2 2
Penalty Kill 4 Players Defense
Defense Defense Time % Phy DF OF
1 Marc Staal Jack Johnson 60 1 2 2
2 Shane O'Brien Johnny Boychuk 40 1 2 2
Penalty Kill - 3 Players Forward
Forward Time % Phy DF OF
1 Corey Perry 60 1 2 2
2 Andrei Kostitsyn 40 1 2 2
Penalty Kill - 3 Players Defense
Defense Defense Time % Phy DF OF
1 Marc Staal Jack Johnson 60 1 2 2
2 Shane O'Brien Johnny Boychuk 40 1 2 2
4 vs 4 Forward
Center Wing Time % Phy DF OF
1 Corey Perry Andrei Kostitsyn 60 1 2 2
2 Bryan Little Mikkel Boedker 40 1 2 2
4 vs 4 Defense
Defense Defense Time % Phy DF OF
1 Marc Staal Jack Johnson 60 1 2 2
2 Shane O'Brien Johnny Boychuk 40 1 2 2
Last Minutes Offensive
Center Left Wing Right Wing Defense Defense
Bryan Little Andrei Kostitsyn Corey Perry Marc Staal Jack Johnson
Last Minutes Defensive
Center Left Wing Right Wing Defense Defense
Bryan Little Andrei Kostitsyn Corey Perry Marc Staal Jack Johnson
Goaltenders
Starting : Dan Ellis
Backup : Semyon Varlamov
Extra Forwards
Normal : Andrew Ladd, Chuck Kobasew, Ryan Smyth - PP : Andrew Ladd, Chuck Kobasew - PK : Ryan Smyth
Extra Defensemen
Normal : Jay Bouwmeester, Pernell Karl Subban, Matt Lashoff - PP : Jay Bouwmeester - PK : Pernell Karl Subban, Matt Lashoff
Penalty Shots
Corey Perry, Andrei Kostitsyn, Bryan Little, Mikkel Boedker, Paul Stastny
Scratches
Alexander Radulov (Lower Body Injury)
% Time on Ice - Predators
Lines # - Real PCT - Wanted PCT - Time Play
Normal Forward
1 - 36% - 40% - 17:55
2 - 32% - 30% - 15:58
3 - 18% - 20% - 8:38
4 - 14% - 10% - 6:42
Normal Defense
1 - 40% - 40% - 19:41
2 - 31% - 30% - 15:09
3 - 20% - 20% - 10:03
4 - 9% - 10% - 4:20
PP Forward
1 - 55% - 60% - 2:11
2 - 45% - 40% - 1:47
PP Defense
1 - 50% - 60% - 1:59
2 - 50% - 40% - 1:59
PK Forward
1 - 79% - 60% - 5:24
2 - 21% - 40% - 1:25
PK Defense
1 - 67% - 60% - 4:32
2 - 33% - 40% - 2:17
PK3 Forward
1 - 0% - 60%
2 - 0% - 40%
PK3 Defense
1 - 0% - 60%
2 - 0% - 40%
44 Forward
1 - 72% - 60% - 2:20
2 - 28% - 40% - 0:54
44 Defense
1 - 57% - 60% - 1:50
2 - 43% - 40% - 1:24
Last Minute Offensive - 0:00
Last Minute Defensive - 0:00
Total
Forward - 63:14
Defense - 63:14
|
% Time on Ice - Avalanche
Lines # - Real PCT - Wanted PCT - Time Play
Normal Forward
1 - 34% - 40% - 16:36
2 - 35% - 30% - 17:00
3 - 22% - 20% - 10:36
4 - 10% - 10% - 5:01
Normal Defense
1 - 37% - 40% - 18:04
2 - 32% - 30% - 15:32
3 - 23% - 20% - 11:19
4 - 9% - 10% - 4:18
PP Forward
1 - 50% - 60% - 3:24
2 - 50% - 40% - 3:25
PP Defense
1 - 65% - 60% - 4:25
2 - 35% - 40% - 2:24
PK Forward
1 - 68% - 60% - 2:41
2 - 32% - 40% - 1:17
PK Defense
1 - 56% - 60% - 2:13
2 - 44% - 40% - 1:45
PK3 Forward
1 - 0% - 60%
2 - 0% - 40%
PK3 Defense
1 - 0% - 60%
2 - 0% - 40%
44 Forward
1 - 78% - 60% - 2:31
2 - 22% - 40% - 0:43
44 Defense
1 - 62% - 60% - 2:01
2 - 38% - 40% - 1:13
Last Minute Offensive - 0:00
Last Minute Defensive - 0:00
Total
Forward - 63:14
Defense - 63:14
|
Play by Play
1st period
0:01 of 1st period - Ryan Kesler wins face-off versus Bryan Little in neutral zone.
0:06 of 1st period - Jack Johnson is hit by Alexander Ovechkin and loses puck.
0:12 of 1st period - Off-side.
0:13 of 1st period - Byron Bitz wins face-off versus Paul Stastny in neutral zone.
1:06 of 1st period - Wrist shot by Bryan Little.
1:06 of 1st period - Stopped by Chad Johnson with a rebound.
1:08 of 1st period - Snap shot by Bryan Little.
1:08 of 1st period - Deflect By Andrei Kostitsyn.
1:08 of 1st period - Stopped by Chad Johnson with a rebound.
1:22 of 1st period - Wrist shot by Kris Vernarsky.
1:22 of 1st period - Stopped by Dan Ellis with a rebound.
1:24 of 1st period - Slapshot by Dmitri Kalinin.
1:24 of 1st period - Deflect By Corey Perry.
1:24 of 1st period - Stopped by Dan Ellis without a rebound.
1:25 of 1st period - Kris Vernarsky wins face-off versus Paul Stastny in Avalanche zone.
1:25 of 1st period - Kris Vernarsky is hit by Jack Johnson.
1:35 of 1st period - Slapshot by Mikkel Boedker.
1:35 of 1st period - Stopped by Chad Johnson with a rebound.
1:37 of 1st period - Slapshot by Marc Staal.
1:37 of 1st period - Shot Blocked by Alexander Edler.
1:52 of 1st period - Icing by Andrew Ladd.
1:53 of 1st period - Ryan Kesler wins face-off versus Andrew Ladd in Avalanche zone.
2:48 of 1st period - Wrist shot by Adam Burish.
2:48 of 1st period - Stopped by Dan Ellis without a rebound.
2:49 of 1st period - Andy Miele wins face-off versus Paul Stastny in Avalanche zone.
3:30 of 1st period - Alexander Edler is hit by Andrei Kostitsyn.
3:40 of 1st period - Snap shot by David Krejci.
3:40 of 1st period - Stopped by Chad Johnson with a rebound.
3:42 of 1st period - Snap shot by Chuck Kobasew.
3:42 of 1st period - Shot Misses the Net.
3:46 of 1st period - Slapshot by David Krejci.
3:46 of 1st period - Shot Misses the Net.
3:48 of 1st period - Slapshot by Pernell Karl Subban.
3:48 of 1st period - Deflect By David Krejci.
3:48 of 1st period - Stopped by Chad Johnson without a rebound.
3:49 of 1st period - Ryan Kesler wins face-off versus Paul Stastny in Predators zone.
4:00 of 1st period - Wrist shot by Ryan Kesler.
4:00 of 1st period - Stopped by Dan Ellis without a rebound.
4:01 of 1st period - Bryan Little wins face-off versus Ryan Kesler in Avalanche zone.
4:10 of 1st period - Snap shot by Niclas Bergfors.
4:10 of 1st period - Stopped by Dan Ellis with a rebound.
5:32 of 1st period - Snap shot by Niclas Bergfors.
5:32 of 1st period - Shot Misses the Net.
5:38 of 1st period - Snap shot by Kris Vernarsky.
5:38 of 1st period - Stopped by Dan Ellis without a rebound.
5:39 of 1st period - Kris Vernarsky wins face-off versus Bryan Little in Avalanche zone.
5:46 of 1st period - Snap shot by James Van Riemsdyk.
5:46 of 1st period - Stopped by Dan Ellis with a rebound.
5:48 of 1st period - Minor Penalty to Bryan Little for Hooking.
5:49 of 1st period - Niclas Bergfors wins face-off versus Corey Perry in Avalanche zone.
5:52 of 1st period - Slapshot by Niclas Bergfors.
5:52 of 1st period - Stopped by Dan Ellis with a rebound.
5:54 of 1st period - Wrist shot by Ryan Kesler.
5:54 of 1st period - Stopped by Dan Ellis with a rebound.
5:56 of 1st period - Slapshot by Ryan Mcdonagh.
5:56 of 1st period - Shot Misses the Net.
6:16 of 1st period - Andy Miele is hit by Jack Johnson and loses puck.
6:43 of 1st period - Wrist shot by Ryan Smyth.
6:43 of 1st period - Stopped by Chad Johnson without a rebound.
6:44 of 1st period - Alexander Steen wins face-off versus Ryan Smyth in Predators zone.
7:48 of 1st period - Penalty to Bryan Little is over, Bryan Little is back on ice.
8:28 of 1st period - Minor Penalty to Byron Bitz for Hooking.
8:29 of 1st period - Alexander Ovechkin wins face-off versus Bryan Little in Predators zone.
8:44 of 1st period - Snap shot by Andrei Kostitsyn.
8:44 of 1st period - Shot Misses the Net.
8:46 of 1st period - Slapshot by Johnny Boychuk.
8:46 of 1st period - Shot Blocked by Ryan Mcdonagh.
8:56 of 1st period - Shane O'Brien is hit by Alexander Steen and loses puck.
9:31 of 1st period - Brandon Yip is hit by James Van Riemsdyk and loses puck.
9:48 of 1st period - Adam Burish is hit by Mikkel Boedker and loses puck.
9:56 of 1st period - Icing by Brandon Yip.
9:57 of 1st period - Mikael Granlund wins face-off versus Paul Stastny in Avalanche zone.
9:58 of 1st period - Wrist shot by James Van Riemsdyk.
9:58 of 1st period - Shot Blocked by Jack Johnson.
10:00 of 1st period - Snap shot by Brett Clark.
10:00 of 1st period - Stopped by Dan Ellis with a rebound.
10:16 of 1st period - Slapshot by Paul Stastny.
10:16 of 1st period - Stopped by Chad Johnson without a rebound.
10:17 of 1st period - Bryan Little wins face-off versus Alexander Ovechkin in Predators zone.
10:20 of 1st period - Wrist shot by Bryan Little.
10:20 of 1st period - Stopped by Chad Johnson with a rebound.
10:22 of 1st period - Snap shot by Andrei Kostitsyn.
10:22 of 1st period - Goal by Andrei Kostitsyn - Predators : 0 - Avalanche : 1.
10:23 of 1st period - Bryan Little wins face-off versus Ryan Kesler in neutral zone.
10:32 of 1st period - Ryan Kesler is hit by Andrei Kostitsyn and loses puck.
10:39 of 1st period - Slapshot by Corey Perry.
10:39 of 1st period - Shot Misses the Net.
11:38 of 1st period - Slapshot by Bryan Little.
11:38 of 1st period - Stopped by Chad Johnson with a rebound.
11:57 of 1st period - Wrist shot by Byron Bitz.
11:57 of 1st period - Stopped by Dan Ellis with a rebound.
12:09 of 1st period - Backhand shot by Corey Perry.
12:09 of 1st period - Shot Blocked by Barret Jackman.
12:13 of 1st period - Wrist shot by Corey Perry.
12:13 of 1st period - Deflect By Barret Jackman.
12:13 of 1st period - Shot Blocked by Brett Clark.
12:13 of 1st period - Puck is out of play.
12:14 of 1st period - Peter Mueller wins face-off versus Mikael Granlund in Predators zone.
12:18 of 1st period - Minor Penalty to Barret Jackman for Roughing.
12:19 of 1st period - Alexander Ovechkin wins face-off versus Bryan Little in Predators zone.
12:27 of 1st period - Corey Perry is hit by Alexander Edler and loses puck.
12:34 of 1st period - Slapshot by Byron Bitz.
12:34 of 1st period - Stopped by Dan Ellis with a rebound.
14:03 of 1st period - Alexander Ovechkin is hit by Bryan Little and loses puck.
14:18 of 1st period - Penalty to Barret Jackman is over, Barret Jackman is back on ice.
14:46 of 1st period - Wrist shot by Adam Burish.
14:46 of 1st period - Shot Misses the Net.
14:58 of 1st period - Andrew Ladd is hit by Brett Clark.
15:14 of 1st period - Slapshot by Mikael Granlund.
15:14 of 1st period - Stopped by Dan Ellis with a rebound.
15:16 of 1st period - Slapshot by Alexander Steen.
15:16 of 1st period - Shot Blocked by Pernell Karl Subban.
15:18 of 1st period - Slapshot by Brett Clark.
15:18 of 1st period - Stopped by Dan Ellis with a rebound.
15:20 of 1st period - Snap shot by Brett Clark.
15:20 of 1st period - Stopped by Dan Ellis without a rebound.
15:21 of 1st period - Ryan Kesler wins face-off versus Bryan Little in Avalanche zone.
15:30 of 1st period - Snap shot by Ryan Kesler.
15:30 of 1st period - Shot Misses the Net.
15:36 of 1st period - Slapshot by Niclas Bergfors.
15:36 of 1st period - Stopped by Dan Ellis with a rebound.
15:39 of 1st period - Icing by Marc Staal.
15:40 of 1st period - Mikael Granlund wins face-off versus Bryan Little in Avalanche zone.
15:49 of 1st period - Snap shot by Corey Perry.
15:49 of 1st period - Stopped by Chad Johnson with a rebound.
15:51 of 1st period - Wrist shot by Bryan Little.
15:51 of 1st period - Stopped by Chad Johnson with a rebound.
16:50 of 1st period - Slapshot by Dmitri Kalinin.
16:50 of 1st period - Shot Blocked by Shane O'Brien.
16:52 of 1st period - Slapshot by Dmitri Kalinin.
16:52 of 1st period - Stopped by Dan Ellis with a rebound.
16:54 of 1st period - Slapshot by Andy Miele.
16:54 of 1st period - Shot Misses the Net.
17:04 of 1st period - Brandon Yip is hit by Mikael Granlund and loses puck.
17:09 of 1st period - Snap shot by Byron Bitz.
17:09 of 1st period - Stopped by Dan Ellis without a rebound.
17:10 of 1st period - Mikael Granlund wins face-off versus David Krejci in Avalanche zone.
17:18 of 1st period - Icing by Marc Staal.
17:19 of 1st period - David Krejci wins face-off versus Ryan Kesler in Avalanche zone.
17:36 of 1st period - Snap shot by Chuck Kobasew.
17:36 of 1st period - Stopped by Chad Johnson without a rebound.
17:37 of 1st period - Bryan Little wins face-off versus Andy Miele in Predators zone.
17:37 of 1st period - Bryan Little is hit by Ryan Mcdonagh.
17:51 of 1st period - Snap shot by Andrei Kostitsyn.
17:51 of 1st period - Shot Misses the Net.
17:58 of 1st period - Icing by Andy Miele.
17:59 of 1st period - Paul Stastny wins face-off versus Andy Miele in Predators zone.
18:18 of 1st period - Wrist shot by Adam Burish.
18:18 of 1st period - Deflect By James Van Riemsdyk.
18:18 of 1st period - Shot Blocked by Brandon Yip.
18:18 of 1st period - Puck is out of play.
18:19 of 1st period - Bryan Little wins face-off versus Ryan Kesler in Avalanche zone.
18:19 of 1st period - Bryan Little is hit by Niclas Bergfors.
18:45 of 1st period - Marc Staal is hit by Barret Jackman and loses puck.
Goals for this period are 0 for Predators vs 1 for Avalanche.
Shots for this period are 18 for Predators vs 13 for Avalanche.
2nd period
0:01 of 2nd period - Ryan Kesler wins face-off versus Bryan Little in neutral zone.
0:12 of 2nd period - Snap shot by Alexander Ovechkin.
0:12 of 2nd period - Shot Misses the Net.
1:26 of 2nd period - Off-side.
1:27 of 2nd period - Paul Stastny wins face-off versus Kris Vernarsky in neutral zone.
1:38 of 2nd period - Snap shot by Brandon Yip.
1:38 of 2nd period - Shot Misses the Net.
2:02 of 2nd period - Slapshot by Jay Bouwmeester.
2:02 of 2nd period - Stopped by Chad Johnson without a rebound.
2:03 of 2nd period - Mikael Granlund wins face-off versus Bryan Little in Predators zone.
2:10 of 2nd period - Snap shot by Alexander Edler.
2:10 of 2nd period - Shot Misses the Net.
2:12 of 2nd period - Slapshot by Mikael Granlund.
2:12 of 2nd period - Shot Blocked by Jay Bouwmeester.
2:14 of 2nd period - Snap shot by Mikael Granlund.
2:14 of 2nd period - Stopped by Dan Ellis with a rebound.
2:18 of 2nd period - Wrist shot by Byron Bitz.
2:18 of 2nd period - Stopped by Dan Ellis with a rebound.
2:25 of 2nd period - Icing by Pernell Karl Subban.
2:26 of 2nd period - Corey Perry wins face-off versus Ryan Kesler in Avalanche zone.
2:26 of 2nd period - Corey Perry is hit by Dmitri Kalinin.
2:54 of 2nd period - Slapshot by Andrei Kostitsyn.
2:54 of 2nd period - Stopped by Chad Johnson without a rebound.
2:55 of 2nd period - Bryan Little wins face-off versus Mikael Granlund in Predators zone.
2:58 of 2nd period - Slapshot by Bryan Little.
2:58 of 2nd period - Stopped by Chad Johnson without a rebound.
2:59 of 2nd period - Bryan Little wins face-off versus Ryan Kesler in Predators zone.
3:00 of 2nd period - Slapshot by Corey Perry.
3:00 of 2nd period - Shot Misses the Net.
3:05 of 2nd period - Off-side.
3:06 of 2nd period - Alexander Ovechkin wins face-off versus Bryan Little in neutral zone.
3:10 of 2nd period - Off-side.
3:11 of 2nd period - Bryan Little wins face-off versus Ryan Kesler in neutral zone.
3:36 of 2nd period - Icing by Alexander Edler.
3:37 of 2nd period - Paul Stastny wins face-off versus Mikael Granlund in Predators zone.
3:44 of 2nd period - Slapshot by Mikael Granlund.
3:44 of 2nd period - Deflect By Byron Bitz.
3:44 of 2nd period - Goal by Byron Bitz - Predators : 1 - Avalanche : 1.
3:45 of 2nd period - Bryan Little wins face-off versus Ryan Kesler in neutral zone.
3:50 of 2nd period - Snap shot by Corey Perry.
3:50 of 2nd period - Shot Misses the Net.
3:52 of 2nd period - Wrist shot by Andrei Kostitsyn.
3:52 of 2nd period - Shot Blocked by John Moore.
4:54 of 2nd period - Wrist shot by Ryan Kesler.
4:54 of 2nd period - Shot Blocked by Johnny Boychuk.
5:23 of 2nd period - Off-side.
5:24 of 2nd period - Mikael Granlund wins face-off versus Paul Stastny in neutral zone.
6:01 of 2nd period - Snap shot by Byron Bitz.
6:01 of 2nd period - Shot Blocked by Jack Johnson.
6:03 of 2nd period - Slapshot by Byron Bitz.
6:03 of 2nd period - Stopped by Dan Ellis without a rebound.
6:04 of 2nd period - Bryan Little wins face-off versus Ryan Kesler in Avalanche zone.
6:12 of 2nd period - Minor Penalty to Niclas Bergfors for Roughing.
6:13 of 2nd period - Bryan Little wins face-off versus Alexander Ovechkin in Predators zone.
6:28 of 2nd period - Wrist shot by Bryan Little.
6:28 of 2nd period - Shot Blocked by Byron Bitz.
6:30 of 2nd period - Wrist shot by Corey Perry.
6:30 of 2nd period - Stopped by Chad Johnson without a rebound.
6:31 of 2nd period - Paul Stastny wins face-off versus Alexander Ovechkin in Predators zone.
7:09 of 2nd period - Wrist shot by Corey Perry.
7:09 of 2nd period - Deflect By Bryan Little.
7:09 of 2nd period - Goal by Bryan Little - Predators : 1 - Avalanche : 2.
7:10 of 2nd period - Ryan Kesler wins face-off versus Bryan Little in neutral zone.
7:19 of 2nd period - Wrist shot by Bryan Little.
7:19 of 2nd period - Shot Misses the Net.
7:21 of 2nd period - Minor Penalty to Alexander Ovechkin for Roughing.
7:22 of 2nd period - Bryan Little wins face-off versus Adam Burish in Predators zone.
7:49 of 2nd period - Ryan Mcdonagh is hit by Mikkel Boedker and loses puck.
9:21 of 2nd period - Penalty to Alexander Ovechkin is over, Alexander Ovechkin is back on ice.
9:24 of 2nd period - Andrej Meszaros is hit by Andrew Ladd and loses puck.
10:50 of 2nd period - Niclas Bergfors is hit by Mikkel Boedker and loses puck.
12:06 of 2nd period - Jay Bouwmeester is hit by James Van Riemsdyk and loses puck.
12:25 of 2nd period - David Krejci is hit by Adam Burish.
14:04 of 2nd period - Alexander Edler is hit by Andrei Kostitsyn and loses puck.
14:26 of 2nd period - Icing by Kris Vernarsky.
14:27 of 2nd period - Ryan Kesler wins face-off versus Bryan Little in Predators zone.
14:47 of 2nd period - Andrei Kostitsyn is hit by Alexander Steen and loses puck.
14:52 of 2nd period - Snap shot by Byron Bitz.
14:52 of 2nd period - Shot Misses the Net.
14:54 of 2nd period - Wrist shot by Byron Bitz.
14:54 of 2nd period - Stopped by Dan Ellis without a rebound.
14:55 of 2nd period - Adam Burish wins face-off versus Paul Stastny in Avalanche zone.
15:06 of 2nd period - Backhand shot by Adam Burish.
15:06 of 2nd period - Stopped by Dan Ellis without a rebound.
15:07 of 2nd period - Paul Stastny wins face-off versus Alexander Ovechkin in Avalanche zone.
15:07 of 2nd period - Paul Stastny is hit by Ryan Kesler.
15:33 of 2nd period - Wrist shot by Andrew Ladd.
15:33 of 2nd period - Stopped by Chad Johnson without a rebound.
15:34 of 2nd period - David Krejci wins face-off versus Andy Miele in Predators zone.
15:37 of 2nd period - Slapshot by Andrew Ladd.
15:37 of 2nd period - Stopped by Chad Johnson with a rebound.
16:34 of 2nd period - Snap shot by Chuck Kobasew.
16:34 of 2nd period - Goal by Chuck Kobasew - Predators : 1 - Avalanche : 3.
16:35 of 2nd period - Bryan Little wins face-off versus Ryan Kesler in neutral zone.
16:49 of 2nd period - Wrist shot by Niclas Bergfors.
16:49 of 2nd period - Shot Misses the Net.
17:19 of 2nd period - Off-side.
17:20 of 2nd period - Peter Mueller wins face-off versus Mikael Granlund in neutral zone.
17:25 of 2nd period - Snap shot by Ryan Smyth.
17:25 of 2nd period - Deflect By Peter Mueller.
17:25 of 2nd period - Goal by Peter Mueller - Predators : 1 - Avalanche : 4.
17:26 of 2nd period - Bryan Little wins face-off versus Ryan Kesler in neutral zone.
17:33 of 2nd period - Wrist shot by Andrei Kostitsyn.
17:33 of 2nd period - Shot Blocked by Alexander Edler.
18:17 of 2nd period - Ryan Mcdonagh is hit by Johnny Boychuk and loses puck.
18:37 of 2nd period - Wrist shot by Corey Perry.
18:37 of 2nd period - Shot Misses the Net.
18:39 of 2nd period - Slapshot by Shane O'Brien.
18:39 of 2nd period - Stopped by Chad Johnson with a rebound.
18:43 of 2nd period - Slapshot by Corey Perry.
18:43 of 2nd period - Stopped by Chad Johnson with a rebound.
18:57 of 2nd period - Mikkel Boedker is hit by Byron Bitz and loses puck.
19:12 of 2nd period - David Jones is hit by David Krejci and loses puck.
19:41 of 2nd period - Snap shot by Alexander Steen.
19:41 of 2nd period - Stopped by Dan Ellis with a rebound.
19:43 of 2nd period - Backhand shot by Alexander Steen.
19:43 of 2nd period - Goal by Alexander Steen - Predators : 2 - Avalanche : 4.
19:44 of 2nd period - Ryan Kesler wins face-off versus Bryan Little in neutral zone.
19:58 of 2nd period - Wrist shot by Andrei Kostitsyn.
19:58 of 2nd period - Shot Misses the Net.
Goals for this period are 2 for Predators vs 3 for Avalanche.
Shots for this period are 8 for Predators vs 11 for Avalanche.
3rd period
0:01 of 3rd period - Bryan Little wins face-off versus Alexander Ovechkin in neutral zone.
0:27 of 3rd period - Ryan Mcdonagh is hit by Brandon Yip and loses puck.
0:53 of 3rd period - Shane O'Brien is hit by Andy Miele and loses puck.
0:58 of 3rd period - Wrist shot by Adam Burish.
0:58 of 3rd period - Goal by Adam Burish - Predators : 3 - Avalanche : 4.
0:59 of 3rd period - Bryan Little wins face-off versus Ryan Kesler in neutral zone.
1:43 of 3rd period - Minor Penalty to Mikkel Boedker for Hooking.
1:44 of 3rd period - Corey Perry wins face-off versus Ryan Kesler in Avalanche zone.
1:44 of 3rd period - Corey Perry is hit by Ryan Kesler.
2:18 of 3rd period - Alexander Steen is hit by Marc Staal and loses puck.
2:31 of 3rd period - Dmitri Kalinin is hit by Jack Johnson and loses puck.
3:43 of 3rd period - Penalty to Mikkel Boedker is over, Mikkel Boedker is back on ice.
4:14 of 3rd period - Wrist shot by Andrew Ladd.
4:14 of 3rd period - Stopped by Chad Johnson without a rebound.
4:15 of 3rd period - Mikael Granlund wins face-off versus David Krejci in Predators zone.
4:44 of 3rd period - Alexander Ovechkin is hit by Andrei Kostitsyn and loses puck.
4:49 of 3rd period - Wrist shot by Corey Perry.
4:49 of 3rd period - Shot Misses the Net.
5:06 of 3rd period - Snap shot by David Jones.
5:06 of 3rd period - Shot Blocked by Pernell Karl Subban.
5:08 of 3rd period - Snap shot by James Van Riemsdyk.
5:08 of 3rd period - Goal by James Van Riemsdyk - Predators : 4 - Avalanche : 4.
5:09 of 3rd period - Ryan Kesler wins face-off versus Bryan Little in neutral zone.
5:36 of 3rd period - Brandon Yip is hit by Mikael Granlund.
5:43 of 3rd period - Off-side.
5:44 of 3rd period - Bryan Little wins face-off versus Mikael Granlund in neutral zone.
5:49 of 3rd period - Slapshot by Bryan Little.
5:49 of 3rd period - Stopped by Chad Johnson without a rebound.
5:50 of 3rd period - Mikael Granlund wins face-off versus Bryan Little in Predators zone.
5:50 of 3rd period - Mikael Granlund is hit by Corey Perry.
5:58 of 3rd period - Wrist shot by Byron Bitz.
5:58 of 3rd period - Shot Misses the Net.
6:00 of 3rd period - Snap shot by Byron Bitz.
6:00 of 3rd period - Shot Blocked by Marc Staal.
6:02 of 3rd period - Wrist shot by Mikael Granlund.
6:02 of 3rd period - Shot Blocked by Jack Johnson.
6:04 of 3rd period - Wrist shot by Byron Bitz.
6:04 of 3rd period - Shot Misses the Net.
6:06 of 3rd period - Wrist shot by Mikael Granlund.
6:06 of 3rd period - Shot Misses the Net.
6:16 of 3rd period - John Moore is hit by Mikkel Boedker and loses puck.
6:58 of 3rd period - Slapshot by Jack Johnson.
6:58 of 3rd period - Stopped by Chad Johnson with a rebound.
7:04 of 3rd period - Marc Staal is hit by Byron Bitz and loses puck.
7:56 of 3rd period - Wrist shot by Andrei Kostitsyn.
7:56 of 3rd period - Stopped by Chad Johnson with a rebound.
8:52 of 3rd period - Mikkel Boedker is hit by James Van Riemsdyk and loses puck.
9:23 of 3rd period - Shane O'Brien is hit by Mikael Granlund and loses puck.
11:10 of 3rd period - Byron Bitz is hit by Jay Bouwmeester and loses puck.
12:00 of 3rd period - Andrew Ladd is hit by John Moore.
12:38 of 3rd period - Slapshot by Peter Mueller.
12:38 of 3rd period - Stopped by Chad Johnson with a rebound.
13:33 of 3rd period - Wrist shot by Adam Burish.
13:33 of 3rd period - Shot Blocked by Chuck Kobasew.
14:14 of 3rd period - Jay Bouwmeester is hit by Alexander Edler and loses puck.
14:37 of 3rd period - Mikkel Boedker is hit by Alexander Steen and loses puck.
14:44 of 3rd period - Mikael Granlund is hit by Paul Stastny and loses puck.
14:55 of 3rd period - Peter Mueller is hit by Ryan Kesler.
15:15 of 3rd period - Byron Bitz is hit by Bryan Little.
16:11 of 3rd period - Snap shot by Ryan Smyth.
16:11 of 3rd period - Stopped by Chad Johnson with a rebound.
16:13 of 3rd period - Wrist shot by Chuck Kobasew.
16:13 of 3rd period - Stopped by Chad Johnson with a rebound.
17:16 of 3rd period - Icing by Kris Vernarsky.
17:17 of 3rd period - Byron Bitz wins face-off versus David Krejci in Predators zone.
17:17 of 3rd period - Byron Bitz is hit by Andrei Kostitsyn.
17:27 of 3rd period - Alexander Ovechkin is hit by Pernell Karl Subban and loses puck.
18:51 of 3rd period - David Jones is hit by Pernell Karl Subban and loses puck.
Goals for this period are 2 for Predators vs 0 for Avalanche.
Shots for this period are 2 for Predators vs 7 for Avalanche.
Overtime #1
0:01 of 1st overtime period - Corey Perry wins face-off versus Ryan Kesler in neutral zone.
0:16 of 1st overtime period - Jack Johnson is hit by Alexander Ovechkin and loses puck.
0:58 of 1st overtime period - Icing by Byron Bitz.
0:59 of 1st overtime period - Ryan Kesler wins face-off versus Corey Perry in Predators zone.
2:47 of 1st overtime period - Barret Jackman is hit by Jack Johnson and loses puck.
3:14 of 1st overtime period - Slapshot by Niclas Bergfors.
3:14 of 1st overtime period - Goal by Niclas Bergfors - Predators : 5 - Avalanche : 4.
Goals for this period are 1 for Predators vs 0 for Avalanche.
Shots for this period are 1 for Predators vs 0 for Avalanche.
Back to the Top